 Dungeon Crawl Stone Soup version 0.29.1-2-gbd0b4ee654 (webtiles) character file.

Game seed: 14555201531582187057

14 Avanven the Ducker (level 2, -2/22 HPs)
             Began as a Merfolk Gladiator on Nov 5, 2022.
             Slain by a quokka (3 damage)
             ... on level 1 of the Dungeon.
             The game lasted 00:00:59 (491 turns).

Avanven the Ducker (Merfolk Gladiator)               Turns: 491, Time: 00:01:00

Health: -2/22      AC:  4    Str: 14    XL:     2   Next: 45%
Magic:  2/2        EV: 13    Int:  7    God:
Gold:   26         SH:  0    Dex: 15    Spells: 1/1 levels left

rFire   . . .      SeeInvis .   a - +0 long sword
rCold   . . .      Faith    .   (no shield)
rNeg    . . .      Spirit   .   b - +0 leather armour
rPois   .          Reflect  .   c - +0 helmet
rElec   .          Harm     .   (no cloak)
rCorr   .          Rampage  .   (no gloves)
Will    .....                   (no boots)
Stlth   +.........              (no amulet)
HPRegen 0.07/turn               (no ring)
MPRegen 0.08/turn               (no ring)

@: no status effects
A: (nimble swimmer 2), mertail
a: no special abilities


You were on level 1 of the Dungeon.
You visited 1 branch of the dungeon, and saw 1 of its levels.

You collected 26 gold pieces.

Inventory:

Hand Weapons
 a - a +0 long sword (weapon)
Missiles
 e - a javelin (quivered)
Armour
 b - a +0 leather armour (worn)
 c - a +0 helmet (worn)
Jewellery
 f - a ring of ice
Potions
 g - 2 potions of heal wounds {unknown}


   Skills:
 - Level 2.1 Fighting
 * Level 4.3 Long Blades
 - Level 2.0 Throwing
 + Level 4.3 Dodging


You had one spell level left.
You didn't know any spells.
Your spell library was empty.

Dungeon Overview and Level Annotations

Branches:
Dungeon (1/15)

Altars:


Innate Abilities, Weirdness & Mutations

((You are very nimble when in or above water. (Stealth+, EV+, Speed+++)))
Your lower body shifts to a powerful aquatic tail in water.


Message History

Press: ? - help, Q - select action, (/) - cycle Shift-Dir - straight line, f - quokka
Aim: a quokka (50% to hit)
You throw a throwing net. The throwing net hits the quokka.
The quokka is caught in the net!
The quokka struggles against the net.
The quokka struggles against the net.
You see here a rat corpse.
The quokka twitches its whiskers.
The quokka struggles against the net.
Found 6 poisoned darts.
The quokka struggles against the net.
A hobgoblin comes into view.
The hobgoblin shouts!
The quokka struggles against the net.
The net rips apart, and the quokka comes free!
Found a metallic dark potion.
The hobgoblin hits you but does no damage.
The hobgoblin attacks as you move away! The hobgoblin barely misses you.
The hobgoblin attacks as you move away! The hobgoblin hits you.
* * * LOW HITPOINT WARNING * * *
The hobgoblin attacks as you move away! The hobgoblin hits you.
* * * LOW HITPOINT WARNING * * *
Unknown command.
Throw: 2 throwing nets
Press: ? - help, Q - select action, (/) - cycle Shift-Dir - straight line, f - hobgoblin
Aim: a hobgoblin (60% to hit)
You throw a throwing net. The throwing net hits the hobgoblin.
The hobgoblin is caught in the net!
The hobgoblin struggles against the net.
The hobgoblin struggles against the net.
The hobgoblin struggles against the net.
Throw: throwing net
Press: ? - help, Q - select action, (/) - cycle Shift-Dir - straight line, f/p - hobgoblin
Aim: a hobgoblin (entangled in a net, 90% to hit)
You throw a throwing net. The throwing net hits the hobgoblin.
The hobgoblin struggles against the net.
The hobgoblin struggles against the net.
The hobgoblin struggles against the net.
The net rips apart, and the hobgoblin comes free!
The quokka attacks as you move away! The quokka bites you.
You die...

### ##.(##.###.#######......
...#......h....†....h......
#.#...##r###.#######......
......h...g..# #...... ##
.#...##..##.# ###...... ..
..#.h..r..##.# #.......# ##.
#.#..........#####.##.####
..####.#gg##########.......#
..........h.r@.....†.....>#
........###...####..#.###.... .
#.##.#..# #...####..#.# .... .
#.##.##.# ####......... ....
.####.......######...####### #.
. ......^#......÷..÷.###.....###
#......'.....###.###.........##
#......########..##.....#.....##
##†...## ###.##.....###.....#


You could see a quokka, a jackal, a hobgoblin and a goblin.

Vanquished Creatures
  A ball python (D:1)
  2 hobgoblins (D:1)
  4 jackals (D:1)
  A quokka (D:1)
  A bat (D:1)
  A frilled lizard (D:1)
  3 rats (D:1)
13 creatures vanquished.

Notes
Turn   | Place    | Note
-------+----------+-------------------------------------------
     0 | D:1      | Avanven the Merfolk Gladiator began the quest for the Orb.
     0 | D:1      | Reached XP level 1. HP: 16/16 MP: 1/1
   120 | D:1      | Reached XP level 2. HP: 15/22 MP: 2/2
   484 | D:1      | HP: 1/22 [hobgoblin (4)]
   491 | D:1      | Slain by a quokka

Illustrated notes

Levels and vault maps discovered:
D:1:      minmay_arrival_loop, layout_basic

Skill      XL: |  1 |
---------------+----+-----
Long Blades    | 4 |  4.3
Fighting       | |  2.1
Throwing       | |  2.0
Dodging        | |  4.3

Action                   || total
-------------------------++-------
Melee: Long sword        ||    36
Throw: Throwing net      ||     3
Armor: Leather armour    ||    18
Dodge: Dodged            ||    50
